[Event "December 5 Late 2023"]
[Site "https://www.chess.com"]
[Date "2023.12.05"]
[Round "4"]
[White "Henriquez Villagra, Cristobal"]
[Black "Miladinovic, Igor"]
[Result "1/2-1/2"]
[Board "13"]
[TimeControl "180+1"]
[WhiteFideId "3409350"]
[BlackFideId "4203380"]
[WhiteElo "3001"]
[BlackElo "2811"]
[WhiteTeam "CHI"]
[BlackTeam "SRB"]
[WhiteClock "0:00:20"]
[BlackClock "0:00:45"]

1. g3 d5 2. Bg2 e5 3. c4 d4 4. d3 Nc6 5. Nf3 Bb4+ 6. Nbd2 a5 7. O-O Nf6 8. Ne1 O-O 9. Nc2 Be7 10. a3 Nd7 11. Rb1 a4 12. b4 axb3 13. Nxb3 h6 14. e3 dxe3 15. Bxe3 Nf6 16. Nc5 Bxc5 17. Bxc5 Re8 18. Ne3 Nd4 19. Nd5 c6 20. Bb6 Qd6 21. Nc7 Rxa3 22. Nxe8 Nxe8 23. Re1 Nf6 24. h3 Bf5 25. Bxd4 Qxd4 26. Rxb7 Bxd3 27. Qc1 Rc3 28. Qe3 Qxe3 29. Rxe3 e4 30. f3 Rc1+ 31. Kh2 Rc2 32. Kg1 Rc1+ 33. Kh2 Rc2 34. Kg1 Rc1+ 1/2-1/2

[Event "December 5 Late 2023"]
[Site "https://www.chess.com"]
[Date "2023.12.05"]
[Round "4"]
[White "Korchmar, Vasiliy"]
[Black "Terry, Renato"]
[Result "1-0"]
[Board "14"]
[TimeControl "180+1"]
[WhiteFideId "24131750"]
[BlackFideId "3803457"]
[WhiteElo "2788"]
[BlackElo "2988"]
[WhiteTeam "RUS"]
[BlackTeam "PER"]
[WhiteClock "0:00:03"]
[BlackClock "0:00:00"]

1. e4 g6 2. d4 Bg7 3. Nc3 c6 4. Be3 d6 5. Qd2 Nd7 6. Nf3 b5 7. Bd3 a6 8. a4 b4 9. Ne2 c5 10. c3 Rb8 11. a5 Qc7 12. O-O Ngf6 13. Bh6 O-O 14. Ng3 c4 15. Be2 bxc3 16. bxc3 Rb5 17. Bxg7 Kxg7 18. Qa2 d5 19. exd5 Nxd5 20. Qxc4 Qb7 21. Rfc1 Nf4 22. Bf1 Nh3+ 23. gxh3 Qxf3 24. Qd3 Qa8 25. Qe4 Rb7 26. Bg2 Qb8 27. Qxe7 Rc7 28. Qg5 Nf6 29. c4 h6 30. Qf4 Qa7 31. c5 Rd7 32. Rab1 Rfd8 33. Rb4 Re7 34. Rcb1 Qd7 35. Rd1 Nd5 36. Qd2 Nxb4 37. Qxb4 Qc7 38. d5 Qe5 39. d6 Re6 40. Qd4 Bd7 41. c6 Qxd4 42. Rxd4 Re1+ 43. Nf1 Ra1 44. cxd7 Rxa5 45. Bc6 Rc5 46. Ba4 Kf6 47. Ne3 Ke5 48. Rc4 Ke6 49. Rxc5 Kxd6 50. Rc8 1-0

[Event "December 5 Late 2023"]
[Site "https://www.chess.com"]
[Date "2023.12.05"]
[Round "4"]
[White "Drygalov, Sergey"]
[Black "Krallis, Christos"]
[Result "1-0"]
[Board "15"]
[TimeControl "180+1"]
[WhiteFideId "24171743"]
[BlackFideId "4298896"]
[WhiteElo "2988"]
[BlackElo "2673"]
[WhiteTeam "RUS"]
[BlackTeam "GRE"]
[WhiteClock "0:01:11"]
[BlackClock "0:00:08"]

1. d4 d6 2. e4 Nf6 3. Nc3 g6 4. f4 Bg7 5. Nf3 O-O 6. Bd3 Bg4 7. O-O c5 8. d5 Na6 9. h3 Bxf3 10. Rxf3 Nb4 11. Bc4 Nd7 12. a3 Na6 13. Qe2 Nc7 14. a4 a6 15. a5 b5 16. axb6 Nxb6 17. Bb3 Qd7 18. f5 Nb5 19. Be3 Nd4 20. Bxd4 Bxd4+ 21. Kh1 Be5 22. Raf1 a5 23. Nd1 a4 24. Ba2 Kg7 25. Nf2 a3 26. bxa3 Na4 27. Ng4 Bd4 28. Qd2 Kh8 29. e5 Bxe5 30. fxg6 hxg6 31. Nxe5 dxe5 32. Rxf7 Kg8 33. d6 Qxd6 34. Rxf8+ 1-0

[Event "December 5 Late 2023"]
[Site "https://www.chess.com"]
[Date "2023.12.05"]
[Round "4"]
[White "Bok, Benjamin"]
[Black "Suder, Jakub"]
[Result "1-0"]
[Board "16"]
[TimeControl "180+1"]
[WhiteFideId "1017063"]
[BlackFideId "1195310"]
[WhiteElo "2981"]
[BlackElo "2548"]
[WhiteTeam "NED"]
[BlackTeam "POL"]
[WhiteClock "0:00:06"]
[BlackClock "0:00:28"]

1. d4 d5 2. c4 e6 3. Nc3 a6 4. cxd5 exd5 5. Nf3 Nf6 6. Bg5 Be6 7. e3 Nbd7 8. Bd3 Bd6 9. h3 c6 10. Bf4 Qb8 11. Qd2 O-O 12. O-O Re8 13. Rfe1 Nf8 14. b4 Ng6 15. Bxd6 Qxd6 16. Reb1 Ne7 17. Qc2 g6 18. Na4 Bf5 19. Nc5 Qc7 20. a4 Bxd3 21. Qxd3 Nf5 22. b5 axb5 23. axb5 Ne4 24. Rxa8 Rxa8 25. Nxe4 dxe4 26. Qxe4 Nd6 27. Qc2 f6 28. bxc6 bxc6 29. Ne1 Kg7 30. Nd3 Nf5 31. Nc5 Qd6 32. Rb7+ Kh8 33. Qb1 Nh4 34. Rd7 Qf8 35. Qb7 Nf5 36. g4 Ng7 37. Kg2 Re8 38. Rf7 Qg8 39. Rxf6 h5 40. Rxg6 Qd5+ 41. e4 Qxd4 42. Rh6+ Kg8 43. Qb3+ Kf8 44. Rh8+ Ke7 45. Qb7+ Kd6 46. Rxe8 Nxe8 47. Qd7+ Kxc5 48. Qxe8 hxg4 49. hxg4 Qg7 50. Kg3 Kd6 51. f4 Qc3+ 52. Kh4 Qf6+ 53. Kh5 Qxf4 54. Qb8+ 1-0

[Event "December 5 Late 2023"]
[Site "https://www.chess.com"]
[Date "2023.12.05"]
[Round "4"]
[White "Dmitrenko, Viktor"]
[Black "Drozdowski, Kacper"]
[Result "0-1"]
[Board "17"]
[TimeControl "180+1"]
[WhiteFideId "14110270"]
[BlackFideId "1136720"]
[WhiteElo "2431"]
[BlackElo "2981"]
[WhiteTeam "UKR"]
[BlackTeam "POL"]
[WhiteClock "0:00:00"]
[BlackClock "0:00:14"]

1. d4 Nf6 2. Nf3 g6 3. Bg5 Bg7 4. e3 O-O 5. Nbd2 c5 6. c3 b6 7. a4 Ba6 8. Bxa6 Nxa6 9. O-O Nc7 10. e4 cxd4 11. cxd4 Ne6 12. Bh4 d5 13. e5 Ne4 14. Re1 Nxd2 15. Qxd2 Qd7 16. Qb4 Rfe8 17. a5 Rab8 18. axb6 Rxb6 19. Qa3 h6 20. Bg3 Reb8 21. Qxa7 R6b7 22. Qa4 Qxa4 23. Rxa4 Rxb2 24. h4 R2b4 25. Rea1 g5 26. hxg5 hxg5 27. Rxb4 Rxb4 28. Ra5 g4 29. Nh4 Rxd4 30. Nf5 Rd1+ 31. Kh2 d4 32. Nxe7+ Kh7 33. Nf5 Kg6 34. Ne7+ Kg5 35. Rd5 Bf8 36. Nc6 Kf5 37. Rd7 Kg6 38. Nd8 Nxd8 39. Rxd8 Bb4 40. Bf4 Kf5 41. Kg3 d3 42. Rd7 Ke6 43. Rd4 Bc5 44. Rc4 Kd5 45. Ra4 Rf1 46. Kxg4 Rxf2 47. g3 d2 48. Ra1 Ke4 49. Rd1 Be3 50. Kg5 Kd3 0-1

[Event "December 5 Late 2023"]
[Site "https://www.chess.com"]
[Date "2023.12.05"]
[Round "4"]
[White "Troff, Kayden"]
[Black "Andreikin, Dmitry"]
[Result "0-1"]
[Board "18"]
[TimeControl "180+1"]
[WhiteFideId "2047896"]
[BlackFideId "4158814"]
[WhiteElo "2791"]
[BlackElo "3106"]
[WhiteTeam "USA"]
[BlackTeam "FID"]
[WhiteClock "0:00:02"]
[BlackClock "0:00:23"]

1. d4 Nf6 2. Nf3 g6 3. Bg5 Bg7 4. Nc3 d5 5. Bxf6 exf6 6. g3 c6 7. Bg2 Nd7 8. O-O f5 9. e3 h5 10. h4 Nf6 11. Ne2 Ng4 12. Rc1 Bh6 13. Nf4 g5 14. Nxh5 gxh4 15. Nxh4 Kf8 16. Bf3 Be6 17. Nxf5 Nxf2 18. Kxf2 Bxf5 19. Rh1 Qb6 20. b3 Qa5 21. a4 Qc3 22. Nf4 Re8 23. Qe1 Qxe1+ 24. Rhxe1 Bxf4 25. gxf4 Rh2+ 26. Kg3 Rxc2 27. Rxc2 Bxc2 28. Kf2 Re7 29. Bd1 Be4 30. Rg1 f6 31. b4 Rh7 32. Bf3 Rh2+ 33. Rg2 Rh1 34. Bxe4 dxe4 35. f5 Rh5 36. Rg4 Rxf5+ 37. Ke2 a5 38. bxa5 Rxa5 39. Rxe4 Rxa4 40. Rh4 Kg7 41. Rg4+ Kf7 42. Rh4 Rb4 43. Kd3 Rb3+ 44. Ke4 b5 45. Rh8 b4 46. Rb8 Ke6 47. Rb6 Kd7 48. Kf5 Kc7 49. Ra6 Rxe3 50. Kxf6 b3 51. Ra4 Kd6 52. Rb4 Rf3+ 53. Kg5 Kd5 54. Kg4 Rd3 55. Kf5 c5 56. dxc5 Kxc5 57. Rb8 Kd4 58. Kf4 Kc3 59. Ke4 Rh3 60. Rc8+ Kd2 61. Rd8+ Kc2 62. Rc8+ Rc3 63. Rg8 b2 64. Rg2+ Kb3 65. Rg8 b1=Q+ 0-1

[Event "December 5 Late 2023"]
[Site "https://www.chess.com"]
[Date "2023.12.05"]
[Round "4"]
[White "Bluebaum, Matthias"]
[Black "Arjun Kalyan"]
[Result "1-0"]
[Board "19"]
[TimeControl "180+1"]
[WhiteFideId "24651516"]
[BlackFideId "35018701"]
[WhiteElo "3023"]
[BlackElo "2771"]
[WhiteTeam "GER"]
[BlackTeam "IND"]
[WhiteClock "0:01:13"]
[BlackClock "0:00:11"]

1. d4 Nf6 2. c4 e6 3. Nc3 Bb4 4. e3 O-O 5. Bd2 d5 6. Nf3 b6 7. cxd5 exd5 8. Rc1 Bb7 9. Bd3 Be7 10. O-O c5 11. Ne5 Nc6 12. a3 Rc8 13. Bf5 Rb8 14. f3 cxd4 15. Nxc6 Bxc6 16. exd4 Bd7 17. Bd3 b5 18. Bf4 Rb6 19. b4 a6 20. Re1 Bd6 21. Qd2 h6 22. Bxd6 Rxd6 23. Nd1 Qb6 24. Rc5 Be6 25. Nf2 Rc6 26. Bb1 Rfc8 27. Qc2 Kf8 28. Rc1 Rxc5 29. dxc5 Qc7 30. Qd2 Qe5 31. Re1 Qg5 32. Qd4 Nd7 33. Nd3 Qf6 34. Qxf6 Nxf6 35. Nf4 Re8 36. Kf2 Nd7 37. h4 g5 38. hxg5 hxg5 39. Nh5 Ke7 40. f4 gxf4 41. Nxf4 Kd8 42. Bd3 Kc7 43. Nxd5+ Kd8 44. Nf4 Nb8 45. Nxe6+ fxe6 46. Be4 Kc7 47. g4 Nd7 48. g5 Rg8 49. Rg1 Ne5 50. Ke3 Rf8 51. g6 Rg8 52. g7 Nc4+ 53. Ke2 1-0

[Event "December 5 Late 2023"]
[Site "https://www.chess.com"]
[Date "2023.12.05"]
[Round "4"]
[White "Urazayev, Arystanbek"]
[Black "Hakobyan, Aram"]
[Result "1-0"]
[Board "20"]
[TimeControl "180+1"]
[WhiteFideId "13709810"]
[BlackFideId "13306677"]
[WhiteElo "2768"]
[BlackElo "3015"]
[WhiteTeam "KAZ"]
[BlackTeam "ARM"]
[WhiteClock "0:00:20"]
[BlackClock "0:00:00"]

1. d4 d5 2. c4 dxc4 3. Nf3 Nf6 4. e3 e6 5. Bxc4 a6 6. O-O Nbd7 7. Re1 c5 8. Bf1 Be7 9. b3 b6 10. e4 cxd4 11. e5 Nd5 12. Nxd4 Bb7 13. Bb2 O-O 14. Nd2 Nc5 15. Qg4 Rc8 16. Nc4 b5 17. Nd6 Bxd6 18. exd6 Nf6 19. Qf4 Ncd7 20. Qg3 Rc5 21. Rac1 Qb6 22. Rxc5 Qxc5 23. Rc1 Qd5 24. Rc7 Rd8 25. a4 bxa4 26. bxa4 Ba8 27. h3 Ne8 28. Ra7 Qxd6 29. Qxd6 Nxd6 30. Rxa6 Nc5 31. Ra7 Bd5 32. Nb5 Nxb5 33. axb5 h6 34. Kh2 Rb8 35. Be5 Ra8 36. Rc7 Ne4 37. b6 Rb8 38. f3 Nd2 39. Bd3 f6 40. Bf4 Nb3 41. Rd7 Rxb6 42. Bg6 1-0

[Event "December 5 Late 2023"]
[Site "https://www.chess.com"]
[Date "2023.12.05"]
[Round "4"]
[White "Khruschiov, Alexey"]
[Black "Sarana, Alexey"]
[Result "0-1"]
[Board "21"]
[TimeControl "180+1"]
[WhiteFideId "13900544"]
[BlackFideId "24133795"]
[WhiteElo "2739"]
[BlackElo "3000"]
[WhiteTeam "MDA"]
[BlackTeam "SRB"]
[WhiteClock "0:00:21"]
[BlackClock "0:00:12"]

1. g3 d5 2. Bg2 e5 3. Nf3 e4 4. Nd4 c5 5. Nb3 Nc6 6. d3 exd3 7. exd3 Be7 8. O-O Nf6 9. Bg5 h6 10. Bxf6 Bxf6 11. Re1+ Be6 12. Nxc5 O-O 13. Nc3 Bxc3 14. bxc3 Qd6 15. d4 b6 16. Nxe6 fxe6 17. Qh5 Rad8 18. Re3 Rf6 19. Rae1 Ne7 20. Bh3 Nf5 21. Bxf5 exf5 22. Re8+ Kh7 23. R8e7 a5 24. h4 f4 25. g4 Rd7 26. Re8 f3 27. R1e5 g6 28. Rh8+ Kxh8 29. Qxh6+ Kg8 30. Re8+ Rf8 31. Re5 Re7 32. Qg5 Rxe5 33. dxe5 Qe6 34. h5 Kg7 35. Kh2 Re8 0-1

[Event "December 5 Late 2023"]
[Site "https://www.chess.com"]
[Date "2023.12.05"]
[Round "4"]
[White "Schmakel, Sam"]
[Black "Paravyan, David"]
[Result "0-1"]
[Board "22"]
[TimeControl "180+1"]
[WhiteFideId "2039311"]
[BlackFideId "4194985"]
[WhiteElo "2720"]
[BlackElo "2996"]
[WhiteTeam "USA"]
[BlackTeam "FID"]
[WhiteClock "0:00:04"]
[BlackClock "0:00:05"]

1. e4 e5 2. Nf3 Nf6 3. Nc3 Nc6 4. h3 d5 5. exd5 Nxd5 6. Bb5 Nxc3 7. bxc3 Bd6 8. O-O O-O 9. Re1 Bd7 10. Rb1 Re8 11. d4 a6 12. Bf1 exd4 13. Rxe8+ Qxe8 14. cxd4 b5 15. c4 bxc4 16. Bxc4 Be6 17. d5 Bf5 18. Rb3 Ne5 19. Re3 Nxf3+ 20. Qxf3 Qd7 21. Bb2 Rb8 22. Be5 Rb1+ 23. Kh2 h6 24. Qg3 f6 25. Bxd6 Qxd6 26. Re7 Kf8 27. Rxc7 Qxg3+ 28. Kxg3 Rd1 29. Kf4 g6 30. g4 Bd3 31. Bxd3 Rxd3 32. Ke4 Rxh3 33. d6 Ke8 34. Kd5 Rh1 35. Ke6 Re1+ 36. Kxf6 Rf1 37. Rc2 g5 38. Kg6 Rh1 39. Rd2 Kd7 40. a4 Rh2 41. Kf6 Rh1 42. Ke5 Re1+ 43. Kf5 Ra1 44. Kg6 Rxa4 45. Kxh6 Rxg4 46. Kg6 a5 47. Kf5 Rg1 48. Ke5 Re1+ 49. Kd5 Rb1 50. Ke5 Rb5+ 51. Kf6 a4 52. Kg6 a3 53. Kh5 Ra5 54. Ra2 Kxd6 55. Kg4 Ke6 56. f4 gxf4 57. Kxf4 Kd5 58. Ke3 Kc4 59. Kd2 Kb3 60. Ra1 Kb2 0-1

[Event "December 5 Late 2023"]
[Site "https://www.chess.com"]
[Date "2023.12.05"]
[Round "4"]
[White "Goltsev, Dmitry"]
[Black "Kovalev, Vladislav"]
[Result "0-1"]
[Board "24"]
[TimeControl "180+1"]
[WhiteFideId "24176710"]
[BlackFideId "13504398"]
[WhiteElo "2654"]
[BlackElo "2912"]
[WhiteTeam "RUS"]
[BlackTeam "FID"]
[WhiteClock "0:00:00"]
[BlackClock "0:00:08"]

1. e4 e5 2. Nf3 Nc6 3. Bb5 a6 4. Ba4 d6 5. c3 f5 6. exf5 Bxf5 7. d4 e4 8. d5 exf3 9. dxc6 b5 10. Bb3 fxg2 11. Rg1 Qh4 12. Rxg2 Qe4+ 13. Kf1 Nf6 14. Kg1 Qxc6 15. Bg5 Be4 16. Rg3 d5 17. Nd2 O-O-O 18. a4 Bc5 19. axb5 axb5 20. Qe2 Rhe8 21. Be3 Bg6 22. Nf3 Bxe3 23. fxe3 Ne4 24. Nd4 Qb6 25. Rf3 c6 26. Kh1 Kb7 27. Rf4 Rf8 28. Raf1 Rxf4 29. Rxf4 Qc7 30. Rf1 Qe7 31. Nxb5 Nc5 32. Nd4 Re8 33. Bc2 Bxc2 34. Qxc2 Qxe3 35. Qf2 Qe4+ 36. Qf3 Re7 37. Qxe4 Nxe4 38. Nf5 Rd7 39. Kg2 g6 40. Nd4 c5 41. Ne6 Kc6 42. Re1 Kd6 43. Nf4 Rb7 44. Re2 c4 45. Kf3 Ke5 46. Ke3 Rf7 47. Ng2 Kd6 48. Nf4 g5 49. Ng2 h5 50. Re1 Kc5 51. Rd1 Rf2 52. Ne1 Rxb2 53. Nf3 Rc2 54. Nd4 Rxc3+ 55. Ke2 Rh3 56. Ne6+ Kd6 57. Nd4 Rxh2+ 58. Ke3 Rh3+ 59. Ke2 Ke5 60. Nc6+ Kd6 61. Nb4 Nc3+ 62. Kd2 Nxd1 63. Nc2 Nc3 64. Kc1 Ne4 65. Ne1 Rc3+ 66. Kd1 g4 67. Ng2 h4 68. Nxh4 Kc5 69. Nf5 Rd3+ 70. Ke2 Rd2+ 71. Ke1 c3 72. Ne3 c2 0-1

[Event "December 5 Late 2023"]
[Site "https://www.chess.com"]
[Date "2023.12.05"]
[Round "4"]
[White "Garcia Ramos, Daniel"]
[Black "Rasulov, Vugar"]
[Result "0-1"]
[Board "25"]
[TimeControl "180+1"]
[WhiteFideId "32010311"]
[BlackFideId "13402390"]
[WhiteElo "2590"]
[BlackElo "2911"]
[WhiteTeam "ESP"]
[BlackTeam "AZE"]
[WhiteClock "0:00:00"]
[BlackClock "0:00:59"]

1. e4 c5 2. Nf3 e6 3. d4 cxd4 4. Nxd4 Nc6 5. Nc3 Qc7 6. Be3 a6 7. a3 b5 8. Nxc6 Qxc6 9. Be2 Bb7 10. O-O Qc7 11. Qd3 Nf6 12. Bf3 d6 13. a4 b4 14. Ne2 Be7 15. c3 bxc3 16. Nxc3 Nd7 17. Rfc1 Ne5 18. Qd1 Qd7 19. Be2 O-O 20. f4 Ng6 21. g3 Rfc8 22. h4 h6 23. h5 Nf8 24. Bf1 Qd8 25. Bg2 Nd7 26. a5 Rc4 27. b3 Rc7 28. Qd3 Rac8 29. Ne2 Rxc1+ 30. Nxc1 Bf6 31. Ra2 Nc5 32. Bxc5 Rxc5 33. Ne2 Rxa5 34. Rxa5 Qxa5 35. Kh2 Qe1 36. Qf3 e5 37. fxe5 Bxe5 38. Qg4 Qf2 39. Qf3 Qxf3 40. Bxf3 a5 41. Nf4 f5 42. Nd3 fxe4 43. Nxe5 dxe5 44. Be2 Bd5 45. Bd1 Kf7 46. Kg1 e3 47. Kf1 Kf6 48. Ke2 Kg5 49. Kxe3 Bc6 50. Kd3 Be8 51. Ke4 Bxh5 52. Bxh5 Kxh5 53. Kxe5 Kg4 54. Ke6 Kxg3 0-1

[Event "December 5 Late 2023"]
[Site "https://www.chess.com"]
[Date "2023.12.05"]
[Round "4"]
[White "Dardha, Daniel"]
[Black "Prithu Gupta"]
[Result "1/2-1/2"]
[Board "26"]
[TimeControl "180+1"]
[WhiteFideId "240990"]
[BlackFideId "46618546"]
[WhiteElo "2890"]
[BlackElo "2533"]
[WhiteTeam "BEL"]
[BlackTeam "IND"]
[WhiteClock "0:00:22"]
[BlackClock "0:00:06"]

1. Nf3 d5 2. g3 g6 3. Bg2 Bg7 4. d4 Nf6 5. c4 c6 6. O-O O-O 7. Qb3 a5 8. Rd1 dxc4 9. Qxc4 Be6 10. Qc2 Na6 11. Nc3 Nb4 12. Qb1 Bc4 13. Ne5 Ba6 14. e4 c5 15. a3 cxd4 16. axb4 Qc7 17. b5 dxc3 18. bxc3 Qxe5 19. bxa6 Rxa6 20. Qxb7 Rd6 21. Rxd6 exd6 22. Bd2 Qc5 23. Qa6 Ng4 24. Be1 Bxc3 25. Rc1 Bxe1 26. Rxc5 Bxf2+ 27. Kf1 Bxc5 28. Bh3 Ne5 29. Bc8 Kg7 30. Bb7 Bb4 31. Bd5 h5 32. Kg2 Rb8 33. Qa7 Rc8 34. h3 Rc2+ 35. Kf1 Rc1+ 36. Kg2 Rc2+ 37. Kf1 Rc1+ 38. Kg2 Rd1 39. Bb3 Rd2+ 40. Kf1 Rb2 41. Bd5 Rd2 42. g4 Bc5 43. Qxa5 Rf2+ 44. Ke1 Bb4+ 45. Kxf2 Bxa5 46. gxh5 gxh5 47. Kg3 Bd8 48. Kf4 h4 49. Kf5 Bf6 50. Bb3 Bd8 51. Bd5 Ng6 52. Kg4 Bf6 53. Bb3 Be5 54. Kf5 Bg3 55. Ba2 Ne7+ 56. Kg4 Kf6 57. Bb3 Ke5 58. Bxf7 Nc6 59. Bd5 Nd4 60. Bb7 Ne6 61. Kf3 Nc5 62. Bd5 Nd3 63. Ke3 Nc5 64. Bc6 Ne6 65. Bd5 Ng5 66. Bb7 Bf4+ 67. Ke2 Nxe4 68. Kf3 d5 69. Bxd5 Nd2+ 70. Kg4 Bg3 71. Bb7 Kd4 72. Bc6 Ke3 73. Bb7 Kf2 74. Bc6 Kg1 75. Bd5 Kh2 76. Bc6 Nf1 77. Bd7 Ne3+ 78. Kf3 Nc4 79. Ke2 Ne5 80. Be6 Ng6 81. Kf1 Nf4 82. Bf5 Nh5 83. Bg4 Nf6 84. Bf5 Be5 85. Be6 Bd4 86. Ke2 Ba7 87. Kf3 Bb8 88. Bf5 Bg3 89. Be6 Nh7 90. Kg4 Nf6+ 91. Kf3 Kg1 92. Bf5 Nd7 93. Bxd7 Kh2 94. Ke2 Kg1 95. Kf3 Kh2 96. Kg4 Kg1 97. Bc6 Kh2 98. Kf3 Kg1 99. Ke2 Kh2 100. Kf1 Bd6 101. Bf3 Bg3 102. Be4 Bd6 103. Bd5 Kxh3 104. Kg1 Kg3 105. Be6 Bc5+ 106. Kh1 h3 107. Bg4 Kxg4 108. Kh2 Bd6+ 109. Kh1 Kf3 110. Kg1 Be5 111. Kh1 Bh2 112. Kxh2 Kg4 113. Kh1 Kg5 114. Kh2 Kg6 115. Kg3 h2 116. Kxh2 1/2-1/2

[Event "December 5 Late 2023"]
[Site "https://www.chess.com"]
[Date "2023.12.05"]
[Round "4"]
[White "Makaraci, Tunahan"]
[Black "Bardyk, Artem"]
[Result "1/2-1/2"]
[Board "27"]
[TimeControl "180+1"]
[WhiteFideId "6356559"]
[BlackFideId "34349979"]
[WhiteElo "2517"]
[BlackElo "2864"]
[WhiteTeam "TUR"]
[BlackTeam "RUS"]
[WhiteClock "0:00:05"]
[BlackClock "0:00:05"]

1. e4 c6 2. d4 d5 3. exd5 cxd5 4. c4 Nf6 5. Nc3 g6 6. Nf3 Bg7 7. cxd5 Nxd5 8. Bc4 Nb6 9. Bb3 O-O 10. O-O Nc6 11. d5 Na5 12. Re1 h6 13. h3 Kh7 14. Bf4 Nxb3 15. axb3 Bxc3 16. bxc3 Qxd5 17. Rxe7 Be6 18. c4 Qxd1+ 19. Rxd1 g5 20. Be3 Rab8 21. Bxb6 axb6 22. Rd6 Kg6 23. Rxb6 Rfd8 24. Rbxb7 Rxb7 25. Rxb7 Rd1+ 26. Kh2 Rb1 27. Nd4 Bxc4 28. Rb6+ Kh7 29. Nf5 Be6 30. Nd4 Bd5 31. b4 Rb2 32. Kg3 Rd2 33. Nf5 Be6 34. Ne3 h5 35. h4 gxh4+ 36. Kxh4 Rxf2 37. Kg3 Rb2 38. Rb7 Kg6 39. Kf4 Rf2+ 40. Kg3 Rb2 41. Kf4 Rf2+ 42. Kg3 Rd2 43. b5 Kg5 44. Kf3 Rd3 45. Ke4 Rb3 46. Rb8 f5+ 47. Kd4 f4 48. Nd5 Bxd5 49. Kxd5 Kh4 50. Kc6 Rb2 51. Rg8 Rc2+ 52. Kb7 Rb2 53. b6 Rb1 54. Kc7 Rc1+ 55. Kb7 Rb1 56. Kc7 Rc1+ 57. Kb8 Rb1 58. b7 Rb2 59. Rg6 Rb1 60. Ra6 Rb2 61. Ka8 Rxb7 62. Kxb7 Kg3 63. Rh6 Kxg2 64. Rxh5 f3 65. Rg5+ Kh3 66. Kc6 f2 67. Rf5 Kg2 68. Rxf2+ Kxf2 1/2-1/2

[Event "December 5 Late 2023"]
[Site "https://www.chess.com"]
[Date "2023.12.05"]
[Round "4"]
[White "Mikaelyan, Arman"]
[Black "Caruana, Fabiano"]
[Result "0-1"]
[Board "28"]
[TimeControl "180+1"]
[WhiteFideId "13304852"]
[BlackFideId "2020009"]
[WhiteElo "2844"]
[BlackElo "3069"]
[WhiteTeam "ARM"]
[BlackTeam "USA"]
[WhiteClock "0:00:00"]
[BlackClock "0:01:09"]

1. d4 g6 2. e4 Bg7 3. Nf3 d6 4. Bc4 a6 5. Qe2 e6 6. O-O Ne7 7. a4 b6 8. Nbd2 Bb7 9. Re1 O-O 10. Nf1 c5 11. dxc5 bxc5 12. Bf4 Nbc6 13. Rad1 e5 14. Bc1 Nd4 15. Nxd4 cxd4 16. c3 d5 17. exd5 Nxd5 18. cxd4 exd4 19. Ng3 Nb4 20. Qe7 Qxe7 21. Rxe7 Bd5 22. Bxd5 Nxd5 23. Rd7 Nb6 24. Rd6 Nxa4 25. Ne2 Rfd8 26. Rxd8+ Rxd8 27. Bg5 Rd5 28. Bc1 Rd7 29. b3 Nc5 30. b4 Nb3 31. Rd3 Nxc1 32. Nxc1 Rb7 33. Rb3 Bf8 34. Ne2 Rxb4 35. Rxb4 Bxb4 36. Nxd4 a5 37. Nc2 Bc5 38. Kf1 a4 39. Ke2 Kg7 40. f3 Kf6 41. Kd3 Ke5 42. Kc4 Be7 43. Nd4 Kf4 44. Nc6 Bd6 45. Nd8 f5 46. Ne6+ Ke3 47. Ng5 h5 48. h3 h4 49. Nf7 Bg3 50. Nh8 Kf2 51. Nxg6 Kxg2 52. Ne7 f4 53. Kb4 Kxh3 54. Kxa4 Kg2 0-1

[Event "December 5 Late 2023"]
[Site "https://www.chess.com"]
[Date "2023.12.05"]
[Round "4"]
[White "Pranav, V"]
[Black "Semenenko, Dmytry"]
[Result "1-0"]
[Board "29"]
[TimeControl "180+1"]
[WhiteFideId "25060783"]
[BlackFideId "14118645"]
[WhiteElo "3053"]
[BlackElo "2396"]
[WhiteTeam "IND"]
[BlackTeam "UKR"]
[WhiteClock "0:00:04"]
[BlackClock "0:00:06"]

1. e4 Nf6 2. e5 Nd5 3. d4 d6 4. Nf3 Bg4 5. h3 Bxf3 6. Qxf3 dxe5 7. dxe5 e6 8. Bb5+ c6 9. Bd3 Nd7 10. Qe2 Qc7 11. f4 Bc5 12. a3 O-O-O 13. c4 N5b6 14. Nc3 f6 15. exf6 Nxf6 16. Be3 Bxe3 17. Qxe3 Nh5 18. O-O Nxf4 19. Rxf4 Rxd3 20. Qxe6+ Kb8 21. Rf7 Qg3 22. Ne4 Qe3+ 23. Kh2 Rhd8 24. Raf1 Nxc4 25. R1f3 Qd4 26. Rxd3 Qxd3 27. Rxb7+ Ka8 28. Rxg7 Qd5 29. Qe7 Qe5+ 30. Qxe5 Nxe5 31. Rxh7 Rb8 32. b4 Nc4 33. Rh6 Kb7 34. Nc5+ Ka8 35. Rxc6 Nxa3 36. Nd3 Nb5 37. h4 Nd4 38. Rf6 Rd8 39. Nc5 Ne2 40. g3 Rc8 41. Rf2 Nd4 42. Ne4 Ne6 43. Nd6 Rd8 44. Nf7 Rf8 45. Kg2 Kb8 46. Ng5 Re8 47. Nxe6 Rxe6 48. Rf4 Re2+ 49. Kh3 Rb2 50. h5 Kc7 51. h6 Rb1 52. Rh4 Rh1+ 53. Kg4 Rd1 54. h7 Rd4+ 55. Kh3 Rd8 56. h8=Q Rxh8 57. Rxh8 1-0

[Event "December 5 Late 2023"]
[Site "https://www.chess.com"]
[Date "2023.12.05"]
[Round "4"]
[White "Duda, Jan-Krzysztof"]
[Black "Poltorak, Sebastian"]
[Result "1-0"]
[Board "30"]
[TimeControl "180+1"]
[WhiteFideId "1170546"]
[BlackFideId "1199498"]
[WhiteElo "3038"]
[BlackElo "2612"]
[WhiteTeam "POL"]
[BlackTeam "POL"]
[WhiteClock "0:01:18"]
[BlackClock "0:00:02"]

1. a3 e5 2. h3 d5 3. e3 c5 4. g3 Nc6 5. b3 Be6 6. d3 Qd7 7. Bb2 g6 8. Nf3 f6 9. Bg2 Bg7 10. Nbd2 Nge7 11. Qe2 a5 12. c4 O-O 13. cxd5 Nxd5 14. Rc1 b6 15. g4 a4 16. bxa4 Rxa4 17. O-O h5 18. Nh4 hxg4 19. Nxg6 gxh3 20. Nxf8 Bxf8 21. Bf3 h2+ 22. Kh1 Bh3 23. Ne4 Bxf1 24. Qxf1 Bg7 25. Qg2 Ra7 26. Nxc5 Nxe3 27. Nxd7 Nxg2 28. Bd5+ Kh7 29. Kxg2 Rxd7 30. Bxc6 Rd8 31. Be4+ Kh8 32. Kxh2 Bh6 33. Rh1 Bf4+ 34. Kg2+ Kg7 35. Bc1 Bxc1 36. Rxc1 Rd4 37. Rc7+ Kh6 38. Kg3 Kg5 39. Rg7+ Kh6 40. Rg6+ Kh5 41. Rxf6 Ra4 42. f4 Rxa3 43. Bf3# 1-0

[Event "December 5 Late 2023"]
[Site "https://www.chess.com"]
[Date "2023.12.05"]
[Round "4"]
[White "Omelja, Artem"]
[Black "Bortnyk, Mykola"]
[Result "1-0"]
[Board "31"]
[TimeControl "180+1"]
[WhiteFideId "14119846"]
[BlackFideId "14120836"]
[WhiteElo "2612"]
[BlackElo "3020"]
[WhiteTeam "UKR"]
[BlackTeam "UKR"]
[WhiteClock "0:00:06"]
[BlackClock "0:00:08"]

1. d4 d5 2. c4 e6 3. Nf3 Nf6 4. g3 dxc4 5. Bg2 Bd7 6. O-O Bc6 7. Qc2 b5 8. Nc3 Be7 9. a4 a6 10. axb5 axb5 11. Rxa8 Bxa8 12. Nxb5 Bd5 13. Bf4 O-O 14. Nxc7 Nc6 15. Nxd5 exd5 16. b3 Nb4 17. Qb2 Qc8 18. Rc1 Qa6 19. bxc4 dxc4 20. Ne5 Rc8 21. Bh3 Rc7 22. Nxf7 Rb7 23. Ng5 Nd3 24. Be6+ Kf8 25. Ra1 Rxb2 26. Rxa6 Rb1+ 27. Kg2 Nxf4+ 28. gxf4 c3 29. Ra8+ Bd8 30. Rxd8+ Ke7 31. Rc8 h6 32. Rxc3 hxg5 33. fxg5 Nh5 34. Bg4 Nf4+ 35. Kf3 Nd5 36. Ra3 Nb6 37. h4 Nc4 38. Ra7+ Kf8 39. Be6 Nd6 40. Kf4 Rh1 41. Ke5 Nb5 42. Rf7+ Ke8 43. Rxg7 Rxh4 44. Bd7+ Kf8 45. Bxb5 Kxg7 46. f4 Rh8 47. e4 Rb8 48. Bc6 Rc8 49. d5 Kf7 50. f5 Rg8 51. g6+ Kg7 52. Kd6 Kf6 53. Bd7 Rb8 54. e5+ Kg7 55. Ke7 Rf8 56. f6+ Kg8 57. Be6+ Kh8 58. g7+ Kh7 59. gxf8=Q 1-0

[Event "December 5 Late 2023"]
[Site "https://www.chess.com"]
[Date "2023.12.05"]
[Round "4"]
[White "Matlakov, Maxim"]
[Black "Skatchkov, Valery"]
[Result "1-0"]
[Board "32"]
[TimeControl "180+1"]
[WhiteFideId "4168003"]
[BlackFideId "24195812"]
[WhiteElo "2999"]
[BlackElo "2608"]
[WhiteTeam "RUS"]
[BlackTeam "RUS"]
[WhiteClock "0:01:35"]
[BlackClock "0:00:36"]

1. d4 Nf6 2. Nf3 d5 3. Bg5 c5 4. e3 Ne4 5. Bh4 Qb6 6. Nc3 Nxc3 7. bxc3 Nc6 8. Be2 Bf5 9. Rb1 Qa5 10. Rxb7 Qxc3+ 11. Qd2 Qxd2+ 12. Kxd2 c4 13. Rhb1 Bd7 14. e4 e6 15. Ne5 Nxe5 16. Rb8+ Rxb8 17. Rxb8+ Bc8 18. Rxc8+ Kd7 19. Rd8+ Kc7 20. dxe5 g5 21. Bxg5 f6 22. Rxf8 Rxf8 23. exf6 1-0